 Dungeon Crawl Stone Soup version 0.28.0-49-g6dfe1f597d (webtiles) character file.

Game seed: 4318042076343732195

458 Peloso the Covered (level 6, -4/53 HPs)
             Began as a Minotaur Fighter on May 17, 2022.
             Killed by divine providence
             ... invoked by an orc priest
              (12 damage)
             ... on level 5 of the Dungeon.
             The game lasted 00:05:49 (5105 turns).

Peloso the Covered (Minotaur Fighter)               Turns: 5105, Time: 00:05:49

Health: -4/53      AC: 10    Str: 21    XL:     6   Next: 77%
Magic:  5/5        EV:  7    Int:  5    God:
Gold:   236        SH:  5    Dex: 11    Spells: 5/5 levels left

rFire   . . .      SeeInvis .   a - +0 long sword
rCold   . . .      Faith    .   c - +0 buckler
rNeg    . . .      Spirit   .   f - +0 chain mail
rPois   .          Reflect  .   (helmet restricted)
rElec   .          Harm     .   (no cloak)
rCorr   .          Rampage  .   (no gloves)
Will    .....                   (no boots)
Stlth   ..........              (no amulet)
HPRegen 0.17/turn               (no ring)
MPRegen 0.09/turn               (no ring)

@: no status effects
A: horns 2, retaliatory headbutt
a: no special abilities


You were on level 5 of the Dungeon.
You visited 1 branch of the dungeon, and saw 5 of its levels.

You collected 236 gold pieces.

Inventory:

Hand Weapons
 a - a +0 long sword (weapon)
Missiles
 e - 2 throwing nets (quivered)
Armour
 b - a +0 scale mail
 c - a +0 buckler (worn)
 f - a +0 chain mail (worn)
Wands
 n - a wand of polymorph (3)
Scrolls
 g - a scroll of identify
 h - a scroll of magic mapping
 i - a scroll of amnesia
 j - a scroll of acquirement
 k - a scroll of enchant weapon {unknown}
 o - a scroll of blinking {unknown}
 p - a scroll of vulnerability {unknown}
 q - a scroll of noise {unknown}
 r - a scroll of torment {unknown}
Potions
 d - a potion of might
 l - a potion of resistance {unknown}
 m - a potion of flight {unknown}


   Skills:
 + Level 4.6 Fighting
 + Level 5.7 Long Blades
 + Level 6.1 Armour
 + Level 0.5 Dodging
 + Level 0.2 Stealth
 + Level 4.9 Shields


You had 5 spell levels left.
You didn't know any spells.
Your spell library was empty.

Dungeon Overview and Level Annotations

Branches:
Dungeon (5/15)
 Temple: D:4-7

Altars:
Hepliaklqana
Wu Jian
Zin


Innate Abilities, Weirdness & Mutations

You have a pair of horns on your head.
You reflexively headbutt those who attack you in melee.


Message History

The magic dart hits you!
You slash the orc wizard!
You kill the orc wizard!
The orc priest mumbles some strange prayers to Beogh against you.
Beogh smites you!
You slash the quokka!
You kill the quokka!
You barely miss the orc. Your headbutt misses the orc.
The orc hits you but does no damage.
You closely miss the orc. You headbutt the orc!
You kill the orc!
You closely miss the orc priest. You block the orc priest's attack.
The orc priest barely misses you.
You hit the orc priest.
The orc priest is lightly wounded.
The orc priest hits you but does no damage.
You slash the orc priest!
The orc priest is almost dead.
The orc priest calls down the wrath of Beogh upon you.
Beogh smites you!
You closely miss the orc priest.
The orc priest is almost dead.
You block the orc priest's attack.
You closely miss the orc priest.
The orc priest is almost dead.
The orc priest hits you but does no damage.
You closely miss the orc priest.
The orc priest is almost dead.
The orc priest looks satisfied for a moment.
You barely miss the orc priest.
The orc priest is almost dead.
The orc priest mumbles some strange prayers to Beogh against you.
Pain shoots through your body!
The orc priest mumbles some strange prayers to Beogh against you.
Pain shoots through your body!
* * * LOW HITPOINT WARNING * * *
Okay, then.
The orc priest calls down the wrath of Beogh upon you.
Beogh smites you!
You die...

...............
...............
........o....
..!.....o..
########
.........#
#<.....# #..#
#.####.#
#..######
#......#
#.>ooo..#
#.######
#######@# #.#
#.# #.# #.#
#.#######.
#.#.#.........
#.#....######
#.####.# #.#
#.# #.# #.# #.#
#.#


You could see an orc priest and 2 orcs.

Vanquished Creatures
  An orc priest (D:4)
  4 jellies
  Terence (D:2)
  2 orc wizards
  6 gnolls
  5 adders
  An ufetubus (D:4)
  An adder skeleton (D:4)
  3 worms
  2 dart slugs
  14 orcs
  6 ball pythons
  17 endoplasms
  5 giant cockroaches
  2 goblins
  7 hobgoblins
  4 jackals (D:2)
  2 quokkas
  5 bats
  A frilled lizard (D:1)
  16 kobolds
  4 rats
109 creatures vanquished.

Vanquished Creatures (others)
  5 fungi (D:3)
  9 toadstools (D:3)
14 creatures vanquished.

Grand Total: 123 creatures vanquished

Notes
Turn   | Place    | Note
-------+----------+-------------------------------------------
     0 | D:1      | Peloso the Minotaur Fighter began the quest for the Orb.
     0 | D:1      | Reached XP level 1. HP: 19/19 MP: 0/0
   212 | D:1      | Reached XP level 2. HP: 20/27 MP: 1/1
   380 | D:1      | Reached skill level 4 in Armour
   433 | D:1      | Found a faded altar of an unknown god.
  1076 | D:2      | Reached XP level 3. HP: 31/31 MP: 2/2
  1188 | D:2      | Noticed Terence
  1430 | D:2      | Killed Terence
  1641 | D:2      | Reached XP level 4. HP: 33/40 MP: 3/3
  2195 | D:2      | Identified a scroll of acquirement
  2497 | D:3      | Reached XP level 5. HP: 44/46 MP: 4/4
  2664 | D:3      | Found an ornate altar of the Wu Jian Council.
  2907 | D:3      | Reached skill level 5 in Armour
  3962 | D:4      | Reached XP level 6. HP: 51/53 MP: 5/5
  3965 | D:4      | Reached skill level 5 in Long Blades
  4130 | D:4      | Found a hazy altar of Hepliaklqana.
  4283 | D:4      | Found a glowing silver altar of Zin.
  4588 | D:4      | Reached skill level 6 in Armour
  5045 | D:5      | Entered Level 5 of the Dungeon
  5105 | D:5      | Killed from afar by an orc priest

Illustrated notes

Levels and vault maps discovered:
D:1:      minmay_arrival_four_houses, layout_loops_cross,
          shapermc_ecumenical_altar_hornbeckon
D:2:      layout_basic, hangedman_decor_opposing, uniq_terence
D:3:      cheibrodos_fertilizer, layout_basic, nzn_wu_jian_contemplation,
          minivault_27
D:4:      layout_basic, zin_statuary, nzn_hepliaklqana_mist_gate
D:5:      layout_basic, minmay_temple_entry_glassed_door, uniq_ijyb

Skill      XL: |  1  2  3  4  5  6 |
---------------+-------------------+-----
Armour         | 4 5 6 |  6.1
Fighting       | 4 |  4.6
Shields        | 4 |  4.9
Long Blades    | 3 4 5 |  5.7
Dodging        | |  0.5
Stealth        | |  0.2

Action                   |  1- 3 |  4- 6 || total
-------------------------+-------+-------++-------
Melee: Long sword        |    61 |   170 ||   231
       Headbutt          |     4 |    27 ||    31
  Use: Scroll            |       |     3 ||     3
Armor: Scale mail        |     9 |       ||     9
       Chain mail        |    23 |    81 ||   104
Dodge: Dodged            |    22 |    45 ||    67
Block: Buckler           |    13 |    40 ||    53
